 Dungeon Crawl Stone Soup version 0.20-a0-502-g555d78b (webtiles) character file.

11023 Colliwobble the Severer (level 11, -2/100 HPs)
             Began as a Minotaur Berserker on Jan 21, 2017.
             Was an Elder of Trog.
             Slain by a death yak (4 damage)
             ... on level 10 of the Dungeon.
             The game lasted 00:22:36 (9688 turns).

Colliwobble the Severer (Minotaur Berserker)        Turns: 9688, Time: 00:22:37

Health: -2/100     AC: 15    Str: 26    XL:     11   Next: 43%
Magic:  10/10      EV:  8    Int:  4    God:    Trog [****..]
Gold:   550        SH:  0    Dex:  9    Spells: 10/10 levels left

rFire    + . .     SeeInvis .   a - +9 battleaxe of Fimbulwinter {chop, +Blink}
rCold    . . .     Gourm    .   r - +0 plate armour
rNeg     . . .     Faith    .   (shield currently unavailable)
rPois    .         Spirit   .   (helmet restricted)
rElec    .         Reflect  .   I - +0 cloak (curse)
rCorr    .         Harm     .   (no gloves)
MR       .....                  (no boots)
Stlth    ..........             (no amulet)
Regen    0.3/turn               (no ring)
                                g - ring of protection from fire

@: about to teleport
A: retaliatory headbutt, horns 2
a: Berserk, Trog's Hand, Brothers in Arms, Burn Spellbooks, Renounce Religion,
Evoke Blink


You were on level 10 of the Dungeon.
You worshipped Trog.
Trog was greatly pleased with you.
You were not hungry.

You visited 2 branches of the dungeon, and saw 12 of its levels.

You collected 550 gold pieces.

Inventory:

Hand Weapons
 a - the +9 battleaxe of Fimbulwinter (weapon) {chop, +Blink}
   (Trog gifted it to you on level 10 of the Dungeon)

   It inflicts extra damage upon your enemies.
   It lets you blink.
 b - a +0 shortbow
 p - a +4 scimitar of flaming
 t - a +0 blowgun
 L - the +5 war axe of Kismet {holy, +Fly MR+}
   (You found it on level 7 of the Dungeon)

   It has been blessed by the Shining One to cause great damage to the undead
   and demons.
   It affects your resistance to hostile enchantments.
   It lets you fly.
Missiles
 q - 2 curare-tipped needles
 v - a throwing net (quivered)
 y - 157 arrows
 D - 9 poisoned needles
Armour
 r - a +0 plate armour (worn)
 I - a cursed +0 cloak (worn)
Jewellery
 g - a ring of protection from fire (left hand)
Wands
 G - a wand of iceblast (7/15)
 H - a wand of lightning (10/15)
Scrolls
 e - a scroll of fear {unknown}
 h - a scroll of enchant weapon {unknown}
 j - 10 scrolls of remove curse
 k - a scroll of blinking {unknown}
 s - 3 scrolls of teleportation
 z - a scroll of noise {unknown}
 B - a scroll of recharging {unknown}
 M - a scroll of identify
Potions
 i - a potion of brilliance
 l - 2 potions of heal wounds
 n - 2 potions of haste
 o - 2 potions of curing
 w - a potion of cancellation
 C - a potion of flight
 E - a potion of ambrosia
 J - a potion of mutation {unknown}
 K - a potion of magic {unknown}
Miscellaneous
 F - a phantom mirror
Comestibles
 c - 8 bread rations
 f - a meat ration
 m - 11 beef jerkies
 u - 5 fruits
 A - 7 royal jellies


   Skills:
 + Level 10.2 Fighting
 - Level 16.3 Axes
 + Level 10.0 Armour
 - Level 2.1 Dodging


You had 10 spell levels left.
You didn't know any spells.

Dungeon Overview and Level Annotations

Branches:
Dungeon (11/15)            Temple (1/1) D:7             Orc (0/2) D:9
   Lair: D:8-11

Altars:
Ashenzari
Dithmenos
Fedhas
Gozag
Hepliaklqana
Kikubaaqudgha
Makhleb
Okawaru
Ru
Sif Muna
Xom

Shops:
D:7 :

Portals:
Trove: D:10 (give +6 demon whip)

Annotations:
D:7 bees


Innate Abilities, Weirdness & Mutations

You reflexively headbutt those who attack you in melee.
You have a pair of horns on your head.


Message History

The death yak gores you but does no damage.
Something hits you but does no damage.
You climb upwards.
There is a stone staircase leading down here.
As you read the scroll of teleportation, it crumbles to dust.
You feel strangely unstable. Something hits you but does no damage.
The death yak gores you but does no damage. x2
You feel much better. Something hits you.
* * * LOW HITPOINT WARNING * * *
The death yak gores you.
* * * LOW HITPOINT WARNING * * *
The death yak gores you!
* * * LOW HITPOINT WARNING * * *
Something hits you.
* * * LOW HITPOINT WARNING * * *
The death yak gores you but does no damage.
The death yak gores you!
* * * LOW HITPOINT WARNING * * *
The death yak gores you.
You die...

.....#....#.................#....
.....'....#.########........#....
.....######.#......#.......##....
............#......#.......#.....
............#......#.......#.....
............#......#.......######
.....(......#......#.............
..........###....Y>#.............
###.......#.....@Y[#.............
#.......#......###.............
#.......#......#....######.....
#.......'......#....#....#.....
##.......#......#'#..#....##'###
##........#........#..#..........
..........#........#..#..........
∩.........########'#..#..........
......<...............#..........


You could see 2 death yaks.

Vanquished Creatures
  Erica (D:8)
  3 death yaks (D:11)
  A queen bee (D:11)
  2 hippogriffs (D:8)
  5 yaks (D:6)
  A wyvern (D:8)
  A wraith (D:11)
  4 wargs (D:9)
  Duvessa (D:6)
  A water moccasin (D:10)
  An ice beast (D:6)
  4 orc warriors
  2 black bears
  A sky beast (D:10)
  5 ogres
  A phantom (D:8)
  5 centaurs
  A crocodile (D:8)
  2 big kobolds (D:10)
  5 bullfrogs (D:6)
  3 scorpions
  Dowan (D:6)
  14 killer bees (D:11)
  10 wights
  2 howler monkeys (D:10)
  2 crimson imps
  3 centaur zombies
  2 gnoll shamans
  9 hounds
  3 bullfrog skeletons
  4 orc priests
  7 orc wizards
  9 worker ants
  3 centaur skeletons
  An iguana (D:5)
  A hound zombie (D:6)
  A hound skeleton (D:4)
  A howler monkey skeleton (D:6)
  A worker ant zombie (D:7)
  9 adders
  13 gnolls
  3 shadow imps
  An ooze (D:4)
  An adder zombie (D:5)
  An adder skeleton (D:10)
  4 worms
  A dart slug (D:4)
  3 leopard geckos
  36 orcs
  3 bats
  5 giant cockroaches
  6 hobgoblins
  13 jackals
  17 kobolds
  2 quokkas
  A frilled lizard (D:2)
  4 goblins
  A leopard gecko skeleton (D:8)
  A leopard gecko zombie (D:5)
  2 quokka skeletons
  A quokka zombie (D:8)
  4 rats
  A fungus (D:2)
257 creatures vanquished.

Notes
Turn   | Place    | Note
-------+----------+-------------------------------------------
     0 | D:1      | Colliwobble the Minotaur Berserker began the quest for the Orb.
     0 | D:1      | Reached XP level 1. HP: 19/19 MP: 0/0
   248 | D:1      | Reached skill level 4 in Axes
   394 | D:1      | Reached XP level 2. HP: 3/26 MP: 1/1
   877 | D:1      | Reached skill level 5 in Axes
  1180 | D:2      | Reached XP level 3. HP: 31/31 MP: 2/2
  1196 | D:2      | Found a blossoming altar of Fedhas.
  1561 | D:3      | Reached ** piety under Trog
  1621 | D:3      | Found an ancient bone altar of Kikubaaqudgha.
  1845 | D:3      | Reached XP level 4. HP: 39/39 MP: 3/3
  2120 | D:4      | Found an opulent altar of Gozag.
  2161 | D:4      | Reached skill level 6 in Axes
  2413 | D:4      | Reached skill level 7 in Axes
  2413 | D:4      | Reached XP level 5. HP: 38/45 MP: 4/4
  2705 | D:4      | Reached skill level 8 in Axes
  3068 | D:5      | Entered Level 5 of the Dungeon
  3148 | D:5      | Reached XP level 6. HP: 45/51 MP: 5/5
  3370 | D:5      | HP: 2/51 [centaur/arrow (14)]
  3378 | D:5      | Reached skill level 9 in Axes
  3734 | D:5      | Reached XP level 7. HP: 56/57 MP: 6/6
  3750 | D:5      | Reached *** piety under Trog
  4122 | D:5      | Reached skill level 10 in Axes
  4362 | D:6      | Noticed a yak
  4391 | D:6      | Killed a yak
  4555 | D:6      | Noticed a yak
  4556 | D:6      | Noticed a yak
  4556 | D:6      | Noticed a yak
  4563 | D:6      | Noticed a yak
  4574 | D:6      | Reached skill level 11 in Axes
  4587 | D:6      | Killed a yak
  4587 | D:6      | Reached XP level 8. HP: 64/64 MP: 7/7
  4620 | D:6      | Reached skill level 12 in Axes
  4843 | D:6      | Reached skill level 13 in Axes
  5161 | D:6      | Noticed Duvessa
  5164 | D:6      | Noticed Dowan
  5166 | D:6      | Killed Dowan
  5172 | D:6      | Killed Duvessa
  5172 | D:6      | Reached XP level 9. HP: 70/70 MP: 8/8
  5176 | D:6      | Reached skill level 14 in Axes
  5852 | D:7      | Found Purig's Book Shoppe.
  5904 | D:7      | Found a burning altar of Makhleb.
  5907 | D:7      | Found an iron altar of Okawaru.
  5908 | D:7      | Found a sacrificial altar of Ru.
  5991 | D:7      | Reached skill level 15 in Axes
  6033 | D:7      | Reached **** piety under Trog
  6289 | D:7      | Found a hazy altar of Hepliaklqana.
  6290 | D:7      | Found a shimmering altar of Xom.
  6291 | D:7      | Noticed a spectral ugly thing
  6441 | D:7      | Got a crude war axe
  6442 | D:7      | Identified the +5 war axe of Kismet {holy, +Fly MR+} (You found it on level 7 of the Dungeon)
  6470 | D:7      | Found a staircase to the Ecumenical Temple.
  6479 | Temple   | Entered the Ecumenical Temple
  6610 | D:8      | Noticed Erica
  6619 | D:8      | Killed Erica
  6619 | D:8      | Reached skill level 16 in Axes
  6834 | D:8      | Found a shattered altar of Ashenzari.
  6877 | D:8      | Found a shadowy altar of Dithmenos.
  6878 | D:8      | Reached XP level 10. HP: 78/78 MP: 9/9
  7197 | D:8      | Reached skill level 5 in Fighting
  7207 | D:8      | Received a gift from Trog
  7269 | D:8      | Reached skill level 5 in Armour
  8102 | D:9      | Found a staircase to the Orcish Mines.
  8282 | D:10     | Entered Level 10 of the Dungeon
  8368 | D:10     | Reached ***** piety under Trog
  8701 | D:10     | Received a gift from Trog
  8704 | D:10     | Got a steaming battleaxe {god gift}
  8708 | D:10     | Identified the +9 battleaxe of Fimbulwinter {chop, +Blink} (Trog gifted it to you on level 10 of the Dungeon)
  8848 | D:10     | Found a portal to a secret trove of treasure.
  9055 | D:11     | Reached XP level 11. HP: 87/95 MP: 10/10
  9393 | D:11     | Noticed a death yak
  9394 | D:11     | Noticed a death yak
  9394 | D:11     | Noticed a death yak
  9396 | D:11     | Noticed a death yak
  9398 | D:11     | Noticed a death yak
  9406 | D:11     | Noticed a death yak
  9412 | D:11     | Noticed a death yak
  9412 | D:11     | Killed a death yak
  9414 | D:11     | Killed a death yak
  9421 | D:11     | Killed a death yak
  9421 | D:11     | Reached skill level 10 in Fighting
  9421 | D:11     | Reached skill level 10 in Armour
  9424 | D:11     | HP: 4/100 [death yak (9)]
  9687 | D:10     | HP: 2/100 [death yak (14)]
  9688 | D:10     | Slain by a death yak

Vault maps used:
D:1:      dpeg_arrival_snail, minmay_misc_feat_encased, st_stairs_8
D:2:      nrook_uturn, fedhas_altar_3
D:3:      lemuel_doored_altar
D:4:      roderic_aztec_sauvastika, hangedman_abyss_or_decor_passed,
          nicolae_gozag_seed_capital
D:5:      first_bread
D:6:      uniq_duvessa
D:7:      regret_index_temple_of_mockery, grunt_temple_overflow_open,
          serial_shops, shop
D:8:      kennysheep_mini, grunt_dithmenos_smoke, grunt_ogre_cave, uniq_erica
D:9:      minmay_orc_entry_guard_dogs
D:10:     enter_trove_1
D:11:     dpeg_lair_monsters, basic_altar, special_room, serial_shops,
          nicolae_shop_statue_plus
Temple:   dshaligram_water_room_temple

Skill      XL: |  1  2  3  4  5  6  7  8  9 10 11 |
---------------+----------------------------------+-----
Axes           | 4 5 7 8 9 11 13 16 | 16.3
Fighting       | 8 10 | 10.2
Armour         | 8 10 | 10.0
Dodging        | |  2.1

Action                   |  1- 3 |  4- 6 |  7- 9 | 10-12 || total
-------------------------+-------+-------+-------+-------++-------
Melee: Hand axe          |    97 |   132 |   272 |       ||   501
       Headbutt          |    16 |    24 |    61 |    33 ||   134
       War axe           |       |       |    18 |   180 ||   198
       Battleaxe         |       |       |       |    74 ||    74
 Fire: Hunting sling     |       |       |    12 |       ||    12
       Shortbow          |       |       |       |     3 ||     3
Throw: Stone             |     2 |       |       |       ||     2
Invok: Berserk           |       |     1 |     4 |       ||     5
       Trog's Hand       |       |       |     1 |     1 ||     2
       Burn Spellbooks   |       |       |       |     1 ||     1
       Brothers in Arms  |       |       |       |     1 ||     1
  Use: Potion            |       |     1 |     2 |     1 ||     4
       Scroll            |       |       |     8 |     6 ||    14
  Eat: Chunk             |     3 |     6 |    15 |     7 ||    31
       Pizza             |       |       |       |     2 ||     2
Armor: Ring mail         |    23 |       |       |       ||    23
       Scale mail        |    13 |    40 |    14 |       ||    67
       Skin              |       |       |    17 |       ||    17
       Plate armour      |       |       |    74 |   128 ||   202
Dodge: Dodged            |    53 |    57 |    73 |    70 ||   253
